 Dungeon Sprint DCSS version 0.29.1-15-g9cfb28693d (webtiles) character file.

Game seed: 7758574199442175479

562 Groucho the Trooper (level 7, -1/73 HPs)
             Began as a Naga Fighter on Apr 3, 2023.
             Was a Believer of Cheibriados.
             Slain by a troll (8 damage)
             ... in the Dungeon (Sprint IX: "|||||||||||||||||||||||||||||").
             The game lasted 00:02:17 (894 turns).

Groucho the Trooper (Naga Fighter)                   Turns: 894, Time: 00:02:17

Health: -1/73      AC: 12    Str: 22    XL:     7   Next: 32%
Magic:  7/11       EV:  5    Int: 12    God:    Cheibriados [**....]
Gold:   0          SH:  6    Dex: 20    Spells: 6/6 levels left

rFire   . . .      SeeInvis +   r - +3 war axe (elec)
rCold   . . .      Faith    .   c - +0 buckler
rNeg    . . .      Spirit   .   o - +1 chain mail
rPois   +          Reflect  .   (no helmet)
rElec   .          Harm     .   p - +0 cloak
rCorr   .          Rampage  .   (no gloves)
Will    .....      NoTele   +   (no barding)
Stlth   ..........              (no amulet)
HPRegen 0.22/turn               m - +3 ring of dexterity
MPRegen 0.12/turn               n - +2 ring of protection

@: slowed, very slow
A: AC +2, large, see invisible, deformed body, poison resistance, slowness 2,
spit poison 1, naga tail 1
a: Spit Poison, Renounce Religion, Bend Time


You were in the Dungeon.
You worshipped Cheibriados.
Cheibriados was pleased with you.
You visited 1 branch

Inventory:

Hand Weapons
 a - a +0 war axe
 q - a +2 vorpal morningstar
 r - a +3 war axe of electrocution (weapon)
Armour
 c - a +0 buckler (worn)
 o - a +1 chain mail (worn)
 p - a +0 cloak (worn)
Jewellery
 m - a +3 ring of dexterity (left hand)
 n - a +2 ring of protection (right hand)
Wands
 l - a wand of roots (10)
Scrolls
 j - 2 scrolls of blinking
 k - 2 scrolls of amnesia
Potions
 d - a potion of might
 e - 5 potions of curing
 f - a potion of heal wounds
 g - a potion of haste
 h - 4 potions of magic


   Skills:
 + Level 7.7 Fighting
 + Level 7.3 Axes
 + Level 6.4 Armour
 + Level 7.0 Shields
 + Level 6.4 Invocations


You had 6 spell levels left.
You didn't know any spells.
Your spell library was empty.

Dungeon Overview and Level Annotations

Branches:
Dungeon (1/1)

Altars:
Cheibriados
Dithmenos
Elyvilon
Fedhas
Gozag
Hepliaklqana
Kikubaaqudgha
Makhleb
Nemelex Xobeh
Okawaru
Qazlal
Ru
Sif Muna
Trog
Uskayaw
Vehumet
Wu Jian
Xom
Yredelemnul
Zin
The Shining One
Jiyva
Lugonu


Innate Abilities, Weirdness & Mutations

Your serpentine skin is tough. (AC +2)
You have supernaturally acute eyesight. (SInv)
Armour fits poorly on your strangely shaped body.
Your system is resistant to poisons. (rPois)
You cover ground very slowly.
You can spit poison.
You have a snake-like lower body.


Message History

The troll bites you but does no damage. The troll completely misses you.
You block the troll's attack.
Your Axes skill increases to level 7!
Your Shields skill increases to level 7!
Your Invocations skill increases to level 6!
You have reached level 7!
Unknown command.
You slash the troll! Lightning courses through the troll!
The troll is heavily wounded.
The troll bites you but does no damage. The troll claws you.
The troll closely misses you.
You barely miss the troll.
The troll is heavily wounded.
You flicker back into view.
You block the troll's attack. x2; The troll claws you.
* * * LOW HITPOINT WARNING * * *
The troll bites you.
* * * LOW HITPOINT WARNING * * *
The troll claws you but does no damage. x2
You feel much better. The troll bites you!
* * * LOW HITPOINT WARNING * * *
The troll claws you.
* * * LOW HITPOINT WARNING * * *
The troll claws you!
* * * LOW HITPOINT WARNING * * *
You slash the troll!
The troll is almost dead.
The troll closely misses you. The troll claws you.
* * * LOW HITPOINT WARNING * * *
The troll claws you but does no damage. The troll bites you but does no damage.
The troll claws you.
* * * LOW HITPOINT WARNING * * *
The troll claws you but does no damage.
Unknown command.
You feel much better. The troll bites you!
* * * LOW HITPOINT WARNING * * *
The troll claws you but does no damage. The troll claws you!
* * * LOW HITPOINT WARNING * * *
The troll completely misses you. The troll claws you!
You die... ▓▓▓▓▓▓▓▓▓▓▓▓▓▓▓▓▓▓▓▓▓▓▓▓ ______'..[.[....@T.....+ ▓▓▓▓▓▓▓▓▓▓▓▓▓▓▓▓▓▓▓▓▓▓▓▓

You could see a troll.

Vanquished Creatures
  A wraith (D)
  A yak (D)
  A steam dragon (D)
  A centaur (D)
  A hound (D)
  An orc priest (D)
  An adder (D)
  A worm (D)
  2 orcs (D)
  An endoplasm (D)
  A giant cockroach (D)
  2 hobgoblins (D)
  A ball python (D)
15 creatures vanquished.

Notes
Turn   | Place    | Note
-------+----------+-------------------------------------------
     0 | D        | Groucho the Naga Fighter began the quest for the Orb.
     0 | D        | Reached XP level 1. HP: 21/21 MP: 1/1
   526 | D        | Noticed a hound
   530 | D        | Reached XP level 2. HP: 28/28 MP: 2/2
   543 | D        | Reached XP level 3. HP: 28/37 MP: 3/3
   789 | D        | Found a snail-covered altar of Cheibriados.
   789 | D        | Found a shadowy altar of Dithmenos.
   789 | D        | Found a white marble altar of Elyvilon.
   789 | D        | Found a blossoming altar of Fedhas.
   789 | D        | Found an opulent altar of Gozag.
   790 | D        | Found a hazy altar of Hepliaklqana.
   791 | D        | Found a viscous altar of Jiyva.
   792 | D        | Found an ancient bone altar of Kikubaaqudgha.
   793 | D        | Became a worshipper of Cheibriados the Contemplative
   794 | D        | Found a corrupted altar of Lugonu.
   795 | D        | Found a burning altar of Makhleb.
   796 | D        | Found a sparkling altar of Nemelex Xobeh.
   797 | D        | Found an iron altar of Okawaru.
   798 | D        | Found a stormy altar of Qazlal.
   799 | D        | Found a sacrificial altar of Ru.
   800 | D        | Found a shimmering blue altar of Sif Muna.
   801 | D        | Found a bloodstained altar of Trog.
   802 | D        | Found a hide-covered altar of Uskayaw.
   803 | D        | Found a radiant altar of Vehumet.
   804 | D        | Found an ornate altar of the Wu Jian Council.
   805 | D        | Found a shimmering altar of Xom.
   806 | D        | Found a basalt altar of Yredelemnul.
   807 | D        | Found a glowing silver altar of Zin.
   808 | D        | Found a glowing golden altar of the Shining One.
   867 | D        | Noticed a centaur
   867 | D        | Noticed a steam dragon
   867 | D        | Noticed a wraith
   867 | D        | Noticed a yak
   867 | D        | Noticed a troll
   869 | D        | Killed a centaur
   870 | D        | Reached skill level 5 in Fighting
   870 | D        | Reached skill level 5 in Axes
   870 | D        | Reached skill level 5 in Shields
   870 | D        | Reached XP level 4. HP: 45/46 MP: 3/6
   870 | D        | Reached XP level 5. HP: 51/52 MP: 3/7
   875 | D        | Killed a steam dragon
   875 | D        | Reached * piety under Cheibriados
   876 | D        | Reached skill level 5 in Armour
   876 | D        | Reached XP level 6. HP: 63/63 MP: 3/9
   883 | D        | Killed a wraith
   883 | D        | Reached ** piety under Cheibriados
   884 | D        | Reached skill level 5 in Invocations
   889 | D        | Killed a yak
   890 | D        | Reached XP level 7. HP: 29/73 MP: 6/11
   893 | D        | HP: 2/73 [troll (2)]
   894 | D        | Slain by a troll

Illustrated notes

Levels and vault maps discovered:
D:        linesprint [early_d, line_temple, items_1, d_10, items_2, lair_1,
          lair_end, items_3, orc_1, orc_end, items_4, d_15, swamp_1, shoals_1,
          snake_1, spider_1, d_20, vaults_1, items_5, swamp_end, shoals_end,
          snake_end, spider_end, vaults_end, d_27, items_6, zot_1, zot_end,
          crypt_end, forest_end, elf_end, slime_end, tomb_end, abyss_end,
          pan_hell_end]

Skill      XL: |  1  2  3  4  5  6 |
---------------+-------------------+-----
Shields        | 3 4 5 7 |  7.0
Armour         | 3 4 5 6 |  6.4
Axes           | 4 5 6 7 |  7.3
Fighting       | 4 5 6 7 |  7.7
Invocations    | 2 4 6 |  6.4

Action                   |  1- 3 |  4- 6 |  7- 9 || total
-------------------------+-------+-------+-------++-------
Melee: War axe           |    31 |    19 |     3 ||    53
  Use: Potion            |     2 |       |     2 ||     4
 Stab: Invisible         |       |     4 |       ||     4
Armor: Scale mail        |    10 |       |       ||    10
       Chain mail        |     2 |     8 |     7 ||    17
Dodge: Dodged            |     9 |     7 |     3 ||    19
Block: Buckler           |     5 |     4 |     2 ||    11
